 Dungeon Crawl Stone Soup version 0.27-a0-216-g1fbed8a51c (webtiles) character file.

Game seed: 3329901097065091553

55 iamserjio the Skirmisher (level 3, -2/35 HPs)
             Began as a Gnoll Abyssal Knight on Jan 31, 2021.
             Was a Follower of Lugonu.
             Slain by a goblin (4 damage)
             ... on level 2 of the Dungeon.
             The game lasted 00:02:21 (437 turns).

iamserjio the Skirmisher (Gnoll Abyssal Knight)      Turns: 437, Time: 00:02:21

Health: -2/35      AC:  3    Str: 11    XL:     3   Next: 93%
Magic:  6/6        EV: 11    Int: 12    God:    Lugonu [*.....]
Gold:   80         SH:  3    Dex: 11    Spells: 4/4 levels left

rFire    . . .     SeeInvis .   a - +1 falchion
rCold    . . .     Faith    .   i - +0 buckler
rNeg     . . .     Spirit   .   b - +0 leather armour
rPois    .         Reflect  .   (no helmet)
rElec    .         Harm     .   (no cloak)
rCorr    .         Rampage  .   (no gloves)
Will     .....                  (no boots)
Stlth    +.........             (no amulet)
HPRegen  0.11/turn              (no ring)
MPRegen  0.10/turn              (no ring)

@: no status effects
A: distributed training, fangs 1, strong nose
a: Renounce Religion, Depart the Abyss


You were on level 2 of the Dungeon.
You worshipped Lugonu.
Lugonu was aware of your devotion.
You visited 1 branch of the dungeon, and saw 3 of its levels.
You visited the Abyss 1 time.

You collected 80 gold pieces.

Inventory:

Hand Weapons
 a - a +1 falchion (weapon)
Armour
 b - a +0 leather armour (worn)
 h - a +2 robe of willpower
 i - a +0 buckler (worn)
Wands
 f - a wand of digging (7) {@v3}
Scrolls
 d - 2 scrolls of identify {unknown}
 e - 5 scrolls of remove curse {unknown}
 g - a scroll of random uselessness {unknown}
Potions
 c - a potion of mutation {unknown}


   Skills:
 + Level 6.5 Fighting
 + Level 1.0 Short Blades
 + Level 4.6 Long Blades
 + Level 1.0 Axes
 + Level 1.0 Maces & Flails
 + Level 1.0 Polearms
 + Level 1.0 Staves
 + Level 1.0 Slings
 + Level 1.0 Bows
 + Level 1.0 Crossbows
 + Level 1.0 Throwing
 + Level 4.6 Armour
 + Level 2.6 Dodging
 + Level 1.0 Stealth
 + Level 1.0 Shields
 + Level 1.0 Unarmed Combat
 + Level 1.0 Spellcasting
 + Level 0.7 Conjurations
 + Level 0.7 Hexes
 + Level 0.7 Summonings
 + Level 0.7 Necromancy
 + Level 0.7 Translocations
 + Level 0.7 Transmutations
 + Level 0.7 Fire Magic
 + Level 0.7 Ice Magic
 + Level 0.7 Air Magic
 + Level 0.7 Earth Magic
 + Level 0.7 Poison Magic
 + Level 4.6 Invocations
 + Level 1.0 Evocations


You had 4 spell levels left.
You didn't know any spells.
Your spell library was empty.

Dungeon Overview and Level Annotations

Branches:
Dungeon (3/15)

Altars:
Cheibriados


Innate Abilities, Weirdness & Mutations

Your experience applies equally to all skills.
You have very sharp teeth.
Your uncanny sense of smell can sniff out nearby items.


Message History

You aren't carrying any pieces of jewellery.
Unknown command.
You feel sick.
You feel sick.
You feel sick.
You are no longer poisoned.
A hobgoblin comes into view. It is wielding a -2 club.
The hobgoblin shouts!
You hear a shout!
Found a stone staircase leading up.
You barely miss the hobgoblin.
You bite the hobgoblin, but do no damage.
The hobgoblin hits you with a cursed -2 club.
* * * LOW HITPOINT WARNING * * *
The hobgoblin barely misses you.
You riposte.
You hit the hobgoblin. You hit the hobgoblin.
You kill the hobgoblin!
A goblin comes into view.
The goblin shouts!
You hear a bark! x3
You hit the goblin but do no damage. The goblin hits you.
You die...

∆ #......#.# ##
#......#.. .#
#......### .#
#......# .# #......#
.# #......####.#
####.#......#
#.#.###########
#.#.#..<@g....#
#.####
#.#.#.#.#####.# ....#
#.#....)....#
.##.#.###.###.#.###.#
.#........# #.#.# .
.#.(......# #.#.# ..
..........# #.#.# ...
..........# #.#.#
.... ..<.(.....#
#...# ....[


You could see a goblin.

Vanquished Creatures
  3 adders (D:2)
  2 dart slugs (D:1)
  A leopard gecko (D:1)
  A ball python (D:2)
  2 bats (D:1)
  2 giant cockroaches (D:1)
  4 hobgoblins
  3 jackals (D:1)
  A frilled lizard (D:2)
  A kobold (D:2)
  3 rats
23 creatures vanquished.

Notes
Turn   | Place    | Note
-------+----------+-------------------------------------------
     0 | Abyss:1  | iamserjio the Gnoll Abyssal Knight began the quest for the
                  | Orb.
     0 | Abyss:1  | Reached XP level 1. HP: 23/23 MP: 3/3
     0 | Abyss:1  | Found a corrupted altar of Lugonu.
    46 | Abyss:1  | Found a corrupted altar of Lugonu.
   111 | Abyss:3  | Noticed an air elemental
   112 | D:1      | Escaped the Abyss
   173 | D:1      | Reached * piety under Lugonu
   180 | D:1      | Reached XP level 2. HP: 24/29 MP: 5/5
   341 | D:2      | Found a snail-covered altar of Cheibriados.
   351 | D:2      | Reached XP level 3. HP: 31/35 MP: 6/6
   402 | D:2      | Reached skill level 1 in Short Blades
   402 | D:2      | Reached skill level 1 in Axes
   402 | D:2      | Reached skill level 1 in Maces & Flails
   402 | D:2      | Reached skill level 1 in Polearms
   402 | D:2      | Reached skill level 1 in Staves
   402 | D:2      | Reached skill level 1 in Slings
   402 | D:2      | Reached skill level 1 in Bows
   402 | D:2      | Reached skill level 1 in Crossbows
   402 | D:2      | Reached skill level 1 in Throwing
   402 | D:2      | Reached skill level 1 in Stealth
   402 | D:2      | Reached skill level 1 in Shields
   402 | D:2      | Reached skill level 1 in Unarmed Combat
   402 | D:2      | Reached skill level 1 in Spellcasting
   402 | D:2      | Reached skill level 1 in Evocations
   432 | D:2      | HP: 1/35 [hobgoblin/cursed -2 club (3)]
   437 | D:2      | Slain by a goblin

Illustrated notes

Levels and vault maps discovered:
D:1:      psy_arrival_radial02, layout_basic
D:2:      layout_basic, grunt_temple_overflow_open
D:3:      layout_basic

Skill      XL: |  1  2  3 |
---------------+----------+-----
Short Blades   | 1 |  1.0
Axes           | 1 |  1.0
Maces & Flails | 1 |  1.0
Polearms       | 1 |  1.0
Staves         | 1 |  1.0
Slings         | 1 |  1.0
Bows           | 1 |  1.0
Crossbows      | 1 |  1.0
Throwing       | 1 |  1.0
Stealth        | 1 |  1.0
Shields        | 1 |  1.0
Unarmed Combat | 1 |  1.0
Spellcasting   | 1 |  1.0
Evocations     | 1 |  1.0
Fighting       | |  6.5
Long Blades    | |  4.6
Armour         | |  4.6
Dodging        | |  2.6
Conjurations   | |  0.7
Hexes          | |  0.7
Summonings     | |  0.7
Necromancy     | |  0.7
Translocations | |  0.7
Transmutations | |  0.7
Fire Magic     | |  0.7
Ice Magic      | |  0.7
Air Magic      | |  0.7
Earth Magic    | |  0.7
Poison Magic   | |  0.7
Invocations    | |  4.6

Action                   || total
-------------------------++-------
Melee: Falchion          ||    56
       Bite              ||     5
Invok: Depart the Abyss  ||     1
Armor: Leather armour    ||     6
Dodge: Dodged            ||    34
       Rpst.: Falchion   ||    14

Table legend: (Time is in decaauts)
 A = Elapsed time spent in this place.
 B = Non-inter-level travel time spent in this place.
 C = Inter-level travel time spent in this place.
 D = Time resting spent in this place.
 E = Time spent auto-exploring this place.
 F = Levels seen in this place.
 G = Mean time per level.
                   A        B        C        D        E       F      G
               +--------+--------+--------+--------+--------+-----+--------+
         Total |    441 |    430 |     11 |      0 |      0 |   6 |   73.5 |
       Dungeon |    329 |    318 |     11 |      0 |      0 |   3 |  109.7 |
         Abyss |    111 |    111 |      0 |      0 |      0 |   3 |   37.0 |
               +--------+--------+--------+--------+--------+-----+--------+

Top non-repeatable levels by time:
     D:1: 220 daAuts
     D:2: 98 daAuts
 Abyss:2: 59 daAuts
 Abyss:1: 51 daAuts
     D:3: 10 daAuts
 Abyss:3: 0 daAuts
